 Dungeon Crawl Stone Soup version 0.29-a0-775-g4d7333d4e2 (webtiles) character file.

Game seed: 16385498882017233137

585 gobodom the Stinger (level 7, -5/42 HPs)
             Began as a Demonspawn Venom Mage on July 1, 2022.
             Was a Believer of Hepliaklqana.
             Slain by a small abomination (12 damage)
             ... on level 1 of the Abyss.
             The game lasted 00:19:18 (5097 turns).

gobodom the Stinger (Demonspawn Venom Mage)         Turns: 5097, Time: 00:19:20

Health: -5/42      AC: 12    Str: 10      XL:     7   Next: 14%
Magic:  9/12       EV: 13    Int: 16      God:    Hepliaklqana [**....]
Gold:   177        SH:  0    Dex: 19 (20) Spells: 12/13 levels left

rFire   + . .      SeeInvis .   t - +2 dagger (venom)
rCold   . . .      Faith    .   (no shield)
rNeg    . . .      Spirit   .   a - +0 robe
rPois   .          Reflect  .   x - +2 helmet
rElec   .          Harm     .   (no cloak)
rCorr   .          Rampage  .   (no gloves)
Will    .....                   n - +0 pair of boots
Stlth   ++........              (no amulet)
HPRegen 0.14/turn               l - +6 ring of dexterity
MPRegen 0.26/turn               w - ring of protection from fire

@: sanguine armoured
A: reduced essence, claws 1, powered by pain 1, magic regeneration, sanguine
armour 1
a: Renounce Religion, Recall Ancestor, Ancestor Identity


You were on level 1 of the Abyss.
You worshipped Hepliaklqana.
Hepliaklqana was pleased with you.
You visited 1 branch of the dungeon, and saw 4 of its levels.
You visited the Abyss 1 time.

You collected 177 gold pieces.

Inventory:

Hand Weapons
 t - a +2 dagger of venom (weapon)
Missiles
 h - 5 atropa-tipped darts
 s - 7 boomerangs
 u - 2 throwing nets
Armour
 a - a +0 robe (worn)
 k - an orb of light
 n - a +0 pair of boots (worn)
 x - a +2 helmet (worn)
Jewellery
 l - a +6 ring of dexterity (left claw)
 w - a ring of protection from fire (right claw)
Scrolls
 c - a scroll of enchant armour {unknown}
 f - a scroll of vulnerability
 o - a scroll of noise
 y - a scroll of enchant weapon {unknown}
Potions
 b - a potion of magic
 d - 2 potions of cancellation
 e - a potion of resistance {unknown}
 i - 2 potions of heal wounds {unknown}
 j - a potion of mutation
 m - 2 potions of haste
 p - 2 potions of flight
 q - a potion of might {unknown}
 v - a potion of curing {unknown}


   Skills:
 + Level 0.9 Fighting
 + Level 1.4 Short Blades
 + Level 2.4 Dodging
 + Level 2.7 Stealth
 + Level 3.7 Spellcasting
 + Level 3.3 Transmutations
 + Level 5.1 Poison Magic


You had 12 spell levels left.
You knew the following spells:

 Your Spells              Type           Power      Damage    Failure   Level
a - Sting                 Tmut/Pois      64%        1d6       3%          1

Your spell library contained the following spells:

 Spells                   Type           Power      Damage    Failure   Level
 Poisonous Vapours        Pois/Air       22%        N/A       9%          2
 Olgreb's Toxic Radiance  Pois           19%        N/A       21%         4
 Mephitic Cloud           Conj/Pois/Air  8%         N/A       26%         3


Dungeon Overview and Level Annotations

Branches:
Dungeon (4/15)
 Temple: D:4-7

Altars:
Hepliaklqana
Sif Muna
Vehumet

Annotations:
D:4 Edmund


Innate Abilities, Weirdness & Mutations

Your life essence is reduced to manifest your ancestor. (-10% HP)
You have sharp fingernails.
You sometimes gain a little power by taking damage.
You regenerate magic rapidly.
When seriously injured, your blood forms armour. (AC +6)


Message History

The small abomination attacks as you move away!
The small abomination closely misses you.
The small abomination hits you!
The small abomination attacks as you move away!
The small abomination closely misses you.
The sting hits the small abomination.
The small abomination is lightly damaged.
The small abomination hits you!!
* * * LOW HITPOINT WARNING * * *
Your blood congeals into armour.
You are too injured to fight recklessly!
You are too injured to fight recklessly!
Casting: Sting (safe; 3% risk of failure)
Confirm with . or Enter, or press ? or * to list all spells.
Aiming: Sting (safe; 3% risk of failure)
Press: ? - help, Shift-Dir - straight line, f/p - small abomination
Aim: a small abomination (lightly damaged, 77% to hit)
The sting hits the small abomination.
The small abomination partially resists.
The small abomination is lightly damaged.
The small abomination barely misses you.
Casting: Sting (safe; 3% risk of failure)
Confirm with . or Enter, or press ? or * to list all spells.
Aiming: Sting (safe; 3% risk of failure)
Press: ? - help, Shift-Dir - straight line, f/p - small abomination
Aim: a small abomination (lightly damaged, 77% to hit)
The sting hits the small abomination but does no damage.
The small abomination is lightly damaged.
The small abomination hits you.
* * * LOW HITPOINT WARNING * * *
Casting: Sting (safe; 3% risk of failure)
Confirm with . or Enter, or press ? or * to list all spells.
Aiming: Sting (safe; 3% risk of failure)
Press: ? - help, Shift-Dir - straight line, f/p - small abomination
Aim: a small abomination (lightly damaged, 77% to hit)
The sting hits the small abomination.
The small abomination partially resists.
The small abomination is lightly damaged.
The small abomination hits you!
You die...

##..... ..... ...
.... ## #... #.
....#. ##...##. .#
. ...# .... . ..
#.#####..##..#..###
#........#. .#....
#.######..##... .
#x#### #.#.######.
#@...# ###. #
#.............. .##
##............. .
#...##......## ..
#...# ..#....# #.
.... ..#.###.# #
##. ..#.. .# #
.#.#...


You could see a small abomination.

Vanquished Creatures
  Sigmund (D:3)
  A quasit (Abyss:1)
  A hound (D:4)
  An iron imp (Abyss:1)
  A jelly (D:2)
  An orc priest (D:3)
  An iguana (D:3)
  Natasha (thrice) (D:2)
  3 adders
  A worm (D:2)
  2 dart slugs (D:1)
  9 orcs
  12 ball pythons
  An endoplasm (D:2)
  14 giant cockroaches
  5 hobgoblins
  6 jackals
  3 quokkas
  4 bats (D:1)
  2 frilled lizards
  3 goblins
  6 kobolds
  5 rats
86 creatures vanquished.

Vanquished Creatures (collateral kills)
  A hound (D:4)
  An orc wizard (D:3)
  2 orcs (D:3)
  A goblin (D:3)
  A hobgoblin (D:4)
  A bat (D:3)
7 creatures vanquished.

Grand Total: 93 creatures vanquished

Notes
Turn   | Place    | Note
-------+----------+-------------------------------------------
     0 | D:1      | gobodom the Demonspawn Venom Mage began the quest for the
                  | Orb.
     0 | D:1      | Reached XP level 1. HP: 13/13 MP: 3/3
   231 | D:1      | Gained mutation: You regenerate magic rapidly. [demonic
                  | ancestry]
   231 | D:1      | Reached XP level 2. HP: 17/19 MP: 5/5
   683 | D:1      | Reached skill level 1 in Transmutations
  1336 | D:2      | Gained mutation: When seriously injured, your blood forms
                  | armour. (AC +6) [demonic ancestry]
  1336 | D:2      | Reached XP level 3. HP: 24/24 MP: 4/6
  1751 | D:2      | Reached skill level 4 in Poison Magic
  1751 | D:2      | Gained mutation: You sometimes gain a little power by
                  | taking damage. [demonic ancestry]
  1751 | D:2      | Reached XP level 4. HP: 7/30 MP: 0/7
  2149 | D:2      | Noticed Natasha
  2155 | D:2      | Killed Natasha
  2323 | D:2      | Noticed Natasha
  2327 | D:2      | Killed Natasha
  2328 | D:2      | Reached XP level 5. HP: 29/35 MP: 5/9
  2739 | D:2      | Noticed Natasha
  2749 | D:2      | Killed Natasha
  2951 | D:3      | Noticed Sigmund
  3050 | D:3      | Found a radiant altar of Vehumet.
  3109 | D:3      | Found a faded altar of an unknown god.
  3147 | D:3      | Prayed at the altar of an unknown god.
  3147 | D:3      | Became a worshipper of Hepliaklqana the Forgotten
  3147 | D:3      | Reached * piety under Hepliaklqana
  3226 | D:3      | Reached skill level 1 in Short Blades
  3735 | D:3      | Reached XP level 6. HP: 17/37 MP: 0/10
  3935 | D:3      | Killed Sigmund
  3936 | D:3      | Reached skill level 5 in Poison Magic
  4095 | D:3      | Found a shimmering blue altar of Sif Muna.
  4581 | D:4      | Reached ** piety under Hepliaklqana
  4582 | D:4      | Remembered your ancestor Sanele as a hexer
  4693 | D:4      | Gained mutation: You have sharp fingernails. [demonic
                  | ancestry]
  4693 | D:4      | Reached XP level 7. HP: 42/42 MP: 8/12
  4900 | D:4      | Noticed Edmund
  4904 | Abyss:1  | Cast into level 1 of the Abyss (Edmund)
  4925 | Abyss:1  | Noticed a wretched star
  4988 | Abyss:1  | Noticed a large abomination
  5013 | Abyss:1  | Noticed a ynoxinul
  5015 | Abyss:1  | Noticed a large abomination
  5027 | Abyss:1  | Noticed a tentacled starspawn
  5028 | Abyss:1  | Noticed a chaos spawn
  5059 | Abyss:1  | Noticed a wretched star
  5062 | Abyss:1  | Noticed a tentacled starspawn
  5077 | Abyss:1  | Noticed a large abomination
  5097 | Abyss:1  | Slain by a small abomination

Illustrated notes

Levels and vault maps discovered:
D:1:      tarquinn_simple_flora_water_f, layout_loops_corners, serial_forest,
          infiniplex_forest_clump_tiny, infiniplex_forest_diagonal,
          infiniplex_forest_lined_room_2, infiniplex_forest_lined_2,
          infiniplex_forest_straight_4, st_stairs_9
D:2:      minmay_roachtagon, layout_rooms, uniq_natasha
D:3:      layout_loops_corners, mainiacjoe_overflow_alcove_1,
          mainiacjoe_overflow_six_doors_small, chequers_ecumenical_altar_island,
          wad_orctagon, uniq_sigmund
D:4:      layout_loops_ring, hex_tiny, serial_bayou_pond_d,
          corexii_checkpoint_b, uniq_edmund
Abyss:1:  base:
D:2

Skill      XL: |  1  2  3  4  5  6 |
---------------+-------------------+-----
Stealth        | 2 |  2.7
Transmutations | 1 2 3 |  3.3
Poison Magic   | 4 5 |  5.1
Short Blades   | 1 |  1.4
Dodging        | 2 |  2.4
Spellcasting   | 3 |  3.7
Fighting       | |  0.9

Action                   |  1- 3 |  4- 6 |  7- 9 || total
-------------------------+-------+-------+-------++-------
Melee: Dagger            |    66 |    54 |    16 ||   136
       Punch             |       |     1 |       ||     1
 Cast: Sting             |    61 |    65 |    18 ||   144
Invok: Ancestor Life: He |       |     1 |       ||     1
  Use: Scroll            |       |     8 |       ||     8
       Potion            |       |     1 |       ||     1
 Stab: Sleeping          |     2 |     6 |       ||     8
       Distracted        |       |     1 |       ||     1
       Confused          |       |     1 |     1 ||     2
Armor: Robe              |    43 |    21 |    21 ||    85
Dodge: Dodged            |    78 |    43 |    36 ||   157

Table legend: (Time is in decaauts)
 A = Elapsed time spent in this place.
 B = Non-inter-level travel time spent in this place.
 C = Inter-level travel time spent in this place.
 D = Time resting spent in this place.
 E = Time spent auto-exploring this place.
 F = Levels seen in this place.
 G = Mean time per level.
                   A        B        C        D        E       F      G
               +--------+--------+--------+--------+--------+-----+--------+
         Total |   5083 |   4940 |    143 |     49 |   3590 |   5 | 1016.6 |
       Dungeon |   4891 |   4748 |    143 |     49 |   3572 |   4 | 1222.8 |
         Abyss |    192 |    192 |      0 |      0 |     18 |   1 |  192.0 |
               +--------+--------+--------+--------+--------+-----+--------+

Top non-repeatable levels by time:
     D:2: 1578 daAuts
     D:3: 1366 daAuts
     D:1: 1328 daAuts
     D:4: 619 daAuts
 Abyss:1: 192 daAuts
